 Dungeon Crawl Stone Soup version 0.30.0-30-g96aa6591b8 (webtiles) character file.

Game seed: 17911814246241949169

123 cheesebisquit the Magician (level 5, -2/40 HPs)
             Began as a Djinni Fire Elementalist on June 30, 2023.
             Was an Initiate of Ashenzari.
             Slain by a hobgoblin (3 damage)
             ... led by Robin
             ... on level 4 of the Dungeon.
             The game lasted 00:09:17 (2921 turns).

cheesebisquit the Magician (DjFE)                   Turns: 2921, Time: 00:09:18

Health: -2/40      AC:  7    Str:  7    XL:     5   Next: 28%
Gold:   291        EV: 11    Int: 18    God:    Ashenzari [......] SH:  5 Dex: 20

rFire   + . .        (no weapon)
rCold   . . .        l - +0 buckler of the Fated Ordeal {Evo, Self} (curse)
rNeg    . . .        r - +4 leather armour "Xeehac" {Slay+2 SInv}
rPois   ∞            (no helmet)
rElec   .            (no cloak)
rCorr   .            (no gloves)
SInv    +            (boots unavailable)
Will    .....        (no amulet)
Stlth   ++           g - +6 ring of dexterity
HPRegen 0.26/turn    o - ring of ice
MPRegen 0.00/turn

%: infuse magic (-3 HP)
@: flying, hasted, invisible, very quick
A: sickness immunity, fire resistance 2, cold vulnerability 1, float, innate
caster, HP casting, extra vitality 1
a: Renounce Religion, Shatter the Chains


You were on level 4 of the Dungeon.
You worshipped Ashenzari.
Ashenzari was noncommittal.
You visited 1 branch of the dungeon, and saw 4 of its levels.

You collected 291 gold pieces.

Inventory:

Missiles
 h - 4 boomerangs
Armour
 a - a +0 robe
 l - the cursed +0 buckler of the Fated Ordeal (worn) {Evo, Self}
   (You found it on level 2 of the Dungeon)

   It has a curse which improves the following skills: Evocations: Evocations.
   Introspection: Fighting and Spellcasting.
 r - the +4 leather armour "Xeehac" (worn) {Slay+2 SInv}
   (You found it on level 4 of the Dungeon)

   Slay:      It affects your accuracy & damage with ranged weapons and melee
   (+2).
   SInv:      It lets you see invisible.
Jewellery
 g - a +6 ring of dexterity (left hand)
 o - a ring of ice (right hand)
Scrolls
 d - a scroll of noise {unknown}
 e - a scroll of teleportation {unknown}
 j - a scroll of silence {unknown}
 k - 2 scrolls of identify
 m - a scroll of summoning {unknown}
 n - a scroll of brand weapon {unknown}
Potions
 b - a potion of attraction
 i - a potion of brilliance {unknown}
 p - a potion of degeneration {unknown}
 q - a potion of ambrosia {unknown}


   Skills:
 + Level 2.8(3.1) Fighting
 - Level 2.1 Dodging
 - Level 1.5 Stealth
 + Level 1.4 Shields
 + Level 3.3(3.7) Spellcasting


You knew the following spells:

 Your Spells              Type           Power      Damage    Failure   Level
a - Foxfire               Conj/Fire      64%        2x1d7     9%          1
b - Scorch                Fire           32%        2d6       12%         2
c - Volatile Blastmotes   Fire/Tloc      32%        2d12      24%         3
d - Inner Flame           Hex/Fire       16%        N/A       24%         3
e - Flame Wave            Conj/Fire      16%        2d7       63%         4
f - Shock                 Conj/Air       64%        1d7       9%          1
g - Poisonous Vapours     Pois/Air       32%        N/A       12%         2
Your spell library was empty.

Dungeon Overview and Level Annotations

Branches:
Dungeon (4/15)
 Temple: D:4-7

Altars:
Ashenzari
Nemelex Xobeh
Trog
Yredelemnul

Annotations:
D:4 Robin


Innate Abilities, Weirdness & Mutations

You are immune to sickness and miasma.
You are immune to poison.
Your flesh is very heat resistant. (rF++)
You are vulnerable to cold. (rC-)
You float through the air rather than walking.
You learn spells naturally, not from books.
Your magical power is your life essence.
You have superior vitality. (+4 MHP)


Message History

Confirm with . or Enter, or press ? or * to list all spells.
Flames lash the goblin.
You kill the goblin!
The goblin hits you with a +0 club.
The goblin hits you but does no damage. x3
The hobgoblin completely misses you. You block the hobgoblin's attack.
Your magical contamination has completely faded away.
You hit the goblin.
The goblin is severely wounded.
The goblin is no longer more vulnerable to fire.
The goblin closely misses you. The goblin hits you but does no damage.
The goblin hits you with a +0 dagger.
* * * LOW HITPOINT WARNING * * *
You block the goblin's attack. The hobgoblin hits you.
* * * LOW HITPOINT WARNING * * *
The hobgoblin closely misses you.
Okay, then.
As you read the scroll labelled GANTEO VUCS, it crumbles to dust.
It is a scroll of identify.
b - a potion of attraction The goblin barely misses you.
The goblin hits you with a +1 dagger of freezing.
* * * LOW HITPOINT WARNING * * *
The goblin freezes you.
* * * LOW HITPOINT WARNING * * *
You block the goblin's attack. The goblin hits you but does no damage.
The hobgoblin hits you.
* * * LOW HITPOINT WARNING * * *
The hobgoblin hits you.
* * * LOW HITPOINT WARNING * * *
It was a potion of invisibility.
You fade into invisibility!
The goblin barely misses you. The goblin closely misses you.
The goblin barely misses you. The goblin hits you but does no damage.
The hobgoblin closely misses you. You block the hobgoblin's attack.
It was a potion of haste.
You feel yourself speed up. The goblin barely misses you.
The goblin closely misses you. The goblin hits you with a +0 dagger.
* * * LOW HITPOINT WARNING * * *
The goblin completely misses you. The hobgoblin hits you.
You die...

#...............
........#...............
........#.......########
........#.......#
.......)#.......########
........#.......##......
......gg#.......##......
.....)gg#......)##......
.....gg@g.......+>......
......gg#.......#.......
################........
#........# #........
#........#######........
#........#..............
#........#.######.####.#
#........#'######.## #.#
#..................# #.#


You could see Robin (unable to see you), 2 hobgoblins and 6 goblins.

Vanquished Creatures
  4 adders
  3 worms
  3 dart slugs
  An orc (D:3)
  8 bats
  2 endoplasms
  6 giant cockroaches
  8 goblins
  6 hobgoblins
  4 quokkas
  4 ball pythons
  4 frilled lizards
  8 kobolds
  8 rats
69 creatures vanquished.

Vanquished Creatures (others)
  203 foxfires
203 creatures vanquished.

Grand Total: 272 creatures vanquished

Notes
Turn   | Place    | Note
-------+----------+-------------------------------------------
     0 | D:1      | cheesebisquit the Djinni Fire Elementalist began the quest
                  | for the Orb.
     0 | D:1      | cheesebisquit set off with the following spells memorised:
                  | Foxfire, Scorch, Volatile Blastmotes, Inner Flame, Flame
                  | Wave.
     0 | D:1      | Reached XP level 1. HP: 15/15 MP: 0/0
   131 | D:1      | Found a faded altar of an unknown god.
   352 | D:1      | Reached skill level 1 in Fighting
   352 | D:1      | Reached XP level 2. HP: 20/22 MP: 0/0
   544 | D:1      | Reached XP level 3. HP: 23/27 MP: 0/0
   544 | D:1      | Learned a level 1 spell: Shock
  1024 | D:2      | Reached skill level 3 in Spellcasting
  1115 | D:2      | Reached XP level 4. HP: 30/33 MP: 0/0
  1703 | D:3      | Found a sparkling altar of Nemelex Xobeh.
  1751 | D:3      | Found a bloodstained altar of Trog.
  1772 | D:3      | Found a broken altar of Ashenzari.
  1780 | D:3      | Became a worshipper of Ashenzari the Shackled
  2084 | D:3      | Found a basalt altar of Yredelemnul.
  2250 | D:3      | Reached skill level 1 in Shields
  2358 | D:3      | Reached XP level 5. HP: 37/39 MP: 0/0
  2358 | D:3      | Learned a level 2 spell: Poisonous Vapours
  2724 | D:4      | Identified the +4 leather armour "Xeehac" {Slay+2 SInv}
  2909 | D:4      | Noticed Robin
  2921 | D:4      | HP: 1/40 [goblin/+0 dagger[Robin] (2)]
  2921 | D:4      | Slain by a hobgoblin

Illustrated notes

Levels and vault maps discovered:
D:1:      dpeg_arrival_orchard, layout_basic, ebering_ecumenical_altar_rust
D:2:      layout_loops_ring, reono_crystal_passage
D:3:      layout_basic, cheibrodos_ashenzari_chains,
          mainiacjoe_overflow_small_starburst,
          mainiacjoe_overflow_large_starburst
D:4:      layout_basic, serial_shops, shop, kennysheep_potato, uniq_robin

Skill      XL: |  1  2  3  4 |
---------------+-------------+-----
Fighting       | 1 2 |  2.8
Spellcasting   | 3 |  3.3
Shields        | 1 |  1.4
Dodging        | |  2.1
Stealth        | |  1.5

Action                     |  1- 3 |  4- 6 || total
---------------------------+-------+-------++-------
  Melee: Unarmed           |     4 |     2 ||     6
   Cast: Foxfire           |    56 |    61 ||   117
         Scorch            |     9 |    22 ||    31
         Poisonous Vapours |       |     2 ||     2
 Invoke: Curse Item        |       |     1 ||     1
    Use: Potion            |       |     2 ||     2
         Scroll            |       |     1 ||     1
 Armour: Robe              |       |     1 ||     1
         Leather armour    |       |    13 ||    13
  Dodge: Dodged            |    17 |    17 ||    34
  Block: Buckler           |       |     9 ||     9
